 Dungeon Crawl Stone Soup version 0.20-a0-1078-g4874019 (webtiles) character file.

1281 FastMan the Cleaver (level 8, -7/74 HPs)
             Began as a Minotaur Berserker on May 1, 2017.
             Was a Priest of Trog.
             Mangled by an orc warrior
             ... wielding a +0 flail
              (14 damage)
             ... on level 6 of the Dungeon.
             The game lasted 00:02:33 (3388 turns).

FastMan the Cleaver (Minotaur Berserker)            Turns: 3388, Time: 00:02:33

Health: -7/74      AC:  8    Str: 23    XL:     8   Next: 29%
Magic:  7/7        EV:  8    Int:  4    God:    Trog [***...]
Gold:   340        SH:  0    Dex: 11    Spells: 7/7 levels left

rFire    . . .     SeeInvis .   a - +0 hand axe
rCold    . . .     Gourm    .   (no shield)
rNeg     . . .     Faith    .   C - +0 chain mail
rPois    .         Spirit   .   (helmet restricted)
rElec    .         Reflect  .   (no cloak)
rCorr    .         Harm     .   (no gloves)
MR       .....                  (no boots)
Stlth    ..........             (no amulet)
Regen    0.3/turn               (no ring)
MPRegen  0.1/turn               (no ring)

@: about to teleport, slowed, very slow
A: retaliatory headbutt, horns 2
a: Berserk, Trog's Hand, Burn Spellbooks, Renounce Religion


You were on level 6 of the Dungeon.
You worshipped Trog.
Trog was most pleased with you.
You were hungry.

You visited 1 branch of the dungeon, and saw 6 of its levels.

You collected 340 gold pieces.

Inventory:

Hand Weapons
 a - a +0 hand axe (weapon)
Armour
 b - a +0 animal skin
 C - a +0 chain mail (worn)
Jewellery
 i - an uncursed ring of protection from cold {unknown}
 k - a +2 amulet of reflection {unknown}
 u - an uncursed amulet of faith {unknown}
 x - an uncursed amulet of magic regeneration {unknown}
 y - an uncursed ring of flight {unknown}
Scrolls
 e - 6 scrolls of teleportation {@r3}
 f - a scroll of blinking {unknown}
 g - a scroll of noise {unknown}
 j - a scroll of fear {unknown}
 l - 4 scrolls of recharging {unknown}
 p - 2 scrolls of immolation {unknown}
 q - a scroll of fog {unknown}
 s - 3 scrolls of random uselessness {unknown}
 v - 2 scrolls of amnesia {unknown}
 w - 3 scrolls of remove curse {unknown}
 E - a scroll of magic mapping {unknown}
Potions
 h - 3 potions of magic {unknown}
 m - 5 potions of curing {unknown}
 o - a potion of might {unknown}
 r - a potion of berserk rage {unknown}
 t - a potion of flight {unknown}
 A - a potion of brilliance {unknown}
 B - 2 potions of ambrosia {unknown}
 F - a potion of invisibility {unknown}
Comestibles
 c - a chunk of flesh
 d - 3 royal jellies {@e3}
 n - 3 fruits {@e4}
 z - 3 meat rations {@e2}
 D - a bread ration {@e1}


   Skills:
 + Level 7.8 Fighting
 * Level 10.4 Axes
 - Level 2.4 Armour
 - Level 2.1 Dodging


You had 7 spell levels left.
You didn't know any spells.

Dungeon Overview and Level Annotations

Branches:
Dungeon (6/15)             Temple (0/1) D:4

Altars:
Wu Jian


Innate Abilities, Weirdness & Mutations

You reflexively headbutt those who attack you in melee.
You have a pair of horns on your head.


Message History

Trog accepts your kill.
Unknown command.
The electric eel shoots out a bolt of lightning at you!
The bolt of electricity hits you!
* * * LOW HITPOINT WARNING * * *
The electric eel shoots out a bolt of lightning at you!
The bolt of electricity hits you!
* * * LOW HITPOINT WARNING * * *
You feel a strong urge to attack something.
Unknown command.
Unknown command.
Unknown command.
You feel your anger subside.
You are no longer berserk.
You are exhausted.
You feel yourself slow down.
As you read the scroll labeled ETYWETHR ULEST, it crumbles to dust.
You feel strangely unstable.
It was a scroll of teleportation.
Unknown command.
The orc warrior hits you with a flail!
You die...

#### ...#### ##########
......# #.........
......# #.########
......#### #######.##
.........#######........#
................@oo.o.o.#
......#######.##.######.#
.....<# #.##.# #..#
......#
#.#......)))......
......#
#...#...oo)......#
........
#####....o...≈≈..#
........ #..o....≈..≈.#
.#.##### #≈...≈;..≈..≈≈≈
.#.# ≈≈..≈..;..≈..≈≈


You could see an orc warrior and 3 orcs.

Vanquished Creatures
  The ghost of djmy96 the Vexing, a novice FoAM of Okawaru (D:5)
  4 ogres
  A wyvern zombie (D:5)
  2 crimson imps (D:5)
  An orc priest (D:5)
  A bullfrog skeleton (D:5)
  A centaur zombie (D:5)
  3 hounds
  An iguana (D:5)
  5 orc wizards
  3 gnolls (D:3)
  4 adders
  A shadow imp (D:6)
  An ooze (D:4)
  2 adder skeletons (D:5)
  A worm (D:5)
  3 dart slugs
  5 leopard geckos
  16 orcs
  7 giant cockroaches
  7 goblins
  8 hobgoblins
  8 jackals
  6 kobolds
  3 quokkas
  3 ball pythons
  5 bats
  6 frilled lizards
  A quokka skeleton (D:6)
  6 rats
116 creatures vanquished.

Vanquished Creatures (others)
  An orc (D:6)
1 creature vanquished.

Grand Total: 117 creatures vanquished

Notes
Turn   | Place    | Note
-------+----------+-------------------------------------------
     0 | D:1      | FastMan the Minotaur Berserker began the quest for the Orb.
     0 | D:1      | Reached XP level 1. HP: 19/19 MP: 0/0
    90 | D:1      | Reached skill level 4 in Axes
    90 | D:1      | Reached XP level 2. HP: 23/27 MP: 1/1
   403 | D:2      | Reached XP level 3. HP: 27/33 MP: 2/2
   404 | D:2      | Reached ** piety under Trog
   924 | D:3      | Reached skill level 5 in Axes
   925 | D:3      | Reached XP level 4. HP: 25/41 MP: 3/3
  1327 | D:3      | Reached skill level 6 in Axes
  1329 | D:3      | Reached XP level 5. HP: 32/47 MP: 4/4
  1637 | D:4      | Noticed an ogre
  1646 | D:4      | Killed an ogre
  1646 | D:4      | Reached skill level 5 in Fighting
  1935 | D:4      | Found an ornate altar of the Wu Jian Council.
  2052 | D:4      | Reached skill level 7 in Axes
  2052 | D:4      | Reached XP level 6. HP: 49/56 MP: 5/5
  2122 | D:4      | Found a staircase to the Ecumenical Temple.
  2282 | D:5      | Entered Level 5 of the Dungeon
  2288 | D:5      | Reached *** piety under Trog
  2651 | D:5      | Noticed djmy96's ghost (novice FoAM)
  2655 | D:5      | Reached skill level 8 in Axes
  2659 | D:5      | Reached XP level 7. HP: 64/64 MP: 6/6
  2665 | D:5      | Killed djmy96's ghost
  2665 | D:5      | Reached skill level 9 in Axes
  3121 | D:5      | Reached XP level 8. HP: 66/73 MP: 7/7
  3377 | D:6      | Reached skill level 10 in Axes
  3388 | D:6      | Mangled by an orc warrior

Vault maps used:
D:1:      dpeg_arrival_rooms_b, glass_columns_a
D:3:      hex_medium
D:4:      lemuel_round_altar, minmay_temple_entry_large_hall,
          eino_small_chamber_without_monster
D:5:      first_bread
D:6:      cheibrodos_helix_gallery, nicolae_qazlal_style_of_elements,
          uniq_blork_the_orc, uniq_eustachio

Skill      XL: |  1  2  3  4  5  6  7  8 |
---------------+-------------------------+-----
Fighting       | 4 5 6 7 |  7.8
Axes           | 4 5 6 7 8 9 10 | 10.4
Armour         | |  2.4
Dodging        | |  2.1

Action                   |  1- 3 |  4- 6 |  7- 9 || total
-------------------------+-------+-------+-------++-------
Melee: Hand axe          |    56 |   131 |    51 ||   238
       Headbutt          |     6 |    24 |     8 ||    38
Invok: Berserk           |     1 |     4 |     2 ||     7
       Trog's Hand       |       |     1 |       ||     1
  Use: Scroll            |       |       |     1 ||     1
  Eat: Chunk             |       |     5 |     4 ||     9
       Bread ration      |       |     1 |       ||     1
Armor: Animal skin       |    10 |    11 |       ||    21
       Chain mail        |       |    11 |    25 ||    36
Dodge: Dodged            |    48 |    74 |    16 ||   138
